 Dungeon Crawl Stone Soup version 0.19.0-11-g3fc08b3 (webtiles) character file.

21368 Chiseanne the Destroyer (level 12, -3/85 HPs)
             Began as a Centaur Venom Mage on Nov 8, 2016.
             Was a High Priest of Vehumet.
             Slain by a hippogriff (10 damage)
             ... on level 3 of the Lair of Beasts.
             The game lasted 01:09:15 (24911 turns).

Chiseanne the Destroyer (Centaur Venom Mage)       Turns: 24911, Time: 01:09:16

Health: -3/85      AC: 12    Str: 11    XL:     12   Next: 53%
Magic:  16/25      EV:  9    Int: 18    God:    Vehumet [*****.]
Gold:   624        SH:  6    Dex: 11    Spells: 4 memorised, 12 levels left

rFire  . . .     SeeInvis +     D - +0 lightning rod (7/14)
rCold  . . .     Gourm    .     x - +3 leather armour {rPois}
rNeg   . . .     Faith    +     H - +2 buckler
rPois  +         Spirit   .     F - +1 helmet
rElec  .         Reflect  .     B - +1 cloak
rCorr  .         Harm     .     i - +0 pair of gloves
MR     +....                    (no barding)
Stlth  +.........               n - amulet of faith
                                C - ring of see invisible
                                m - ring of protection from magic

@: very quick
A: hooves 3, deformed body, speed 2, tough skin 3
a: Renounce Religion


You were on level 3 of the Lair of Beasts.
You worshipped Vehumet.
Vehumet was extremely pleased with you.
You were not hungry.

You visited 3 branches of the dungeon, and saw 15 of its levels.

You collected 744 gold pieces.
You spent 120 gold pieces at shops.

Inventory:

Hand Weapons
 a - a +5 dagger of venom
 d - a +0 scimitar
 s - a +1 hand axe of freezing
Missiles
 e - 143 bolts
 f - 255 stones
 l - 3 throwing nets
 p - 61 sling bullets
 q - 14 tomahawks (quivered)
 G - 6 poisoned needles
Armour
 i - a +0 pair of gloves (worn)
 x - a +3 leather armour of poison resistance (worn)
 B - a +1 cloak (worn)
 F - a +1 helmet (worn)
 H - a +2 buckler (worn)
Magical Staves
 L - an uncursed staff of wizardry
Rods
 D - a +0 lightning rod (7/14) (in hand)
   (You found it on level 1 of the Lair of Beasts)
Jewellery
 j - an uncursed amulet of the gourmand {unknown}
 m - a ring of protection from magic (left hand)
 n - an amulet of faith (around neck)
 v - an uncursed amulet of guardian spirit {unknown}
 C - a ring of see invisible (right hand)
Scrolls
 k - 4 scrolls of teleportation
 o - 3 scrolls of magic mapping
 r - 2 scrolls of fear
 u - 2 scrolls of fog
 y - 2 scrolls of remove curse
 z - 2 scrolls of amnesia
 M - a scroll of enchant armour
Potions
 h - a potion of lignification
 t - a potion of resistance
 w - 2 potions of flight
 A - 2 potions of curing
 J - 2 potions of agility
 K - 2 potions of brilliance {unknown}
Books
 b - a Young Poisoner's Handbook

   Spells                             Type                      Level
   a - Sting                          Conjuration/Poison           1
   b - Mephitic Cloud                 Conjuration/Poison/Air       3
   c - Olgreb's Toxic Radiance        Poison                       4
   d - Alistair's Intoxication        Transmutation/Poison         5
   e - Venom Bolt                     Conjuration/Poison           5
 g - a book of Transfigurations

   Spells                             Type                      Level
   a - Irradiate                      Conjuration/Transmutation    5
   b - Statue Form                    Transmutation/Earth          6
   c - Hydra Form                     Transmutation                6
   d - Dragon Form                    Transmutation                7
Comestibles
 c - 12 bread rations
 E - 7 meat rations
 I - 5 chunks of flesh


   Skills:
 - Level 1.9 Fighting
 - Level 2.0 Dodging
 - Level 1.1 Stealth
 - Level 2.9 Shields
 * Level 9.3 Spellcasting
 * Level 10.4 Conjurations
 * Level 6.1 Charms
 - Level 4.4 Air Magic
 - Level 8.4 Poison Magic


You had 12 spell levels left.
You knew the following spells:

 Your Spells              Type           Power        Failure   Level  Hunger
a - Venom Bolt            Conj/Pois      #####.....   2%          5    #####..
b - Mephitic Cloud        Conj/Pois/Air  #####...     1%          3    None
c - Olgreb's Toxic Radia  Pois           #####...     1%          4    ###....
d - Iskenderun's Battles  Conj/Chrm      #####...     3%          5    #####..


Dungeon Overview and Level Annotations

Branches:
Dungeon (11/15)            Temple (1/1) D:7            Lair (3/6) D:10
  Swamp (0/4) Lair:2          Orc (0/2) D:10
  Snake: Lair:2-4    Spider: Lair:2-4

Altars:
Ashenzari
Cheibriados
Dithmenos
Elyvilon
Fedhas
Hepliaklqana
Kikubaaqudgha
Nemelex Xobeh
Okawaru
Ru
Sif Muna
Vehumet
Xom
Zin
The Shining One

Shops:
D:5 ?   D:6 }   D:8 :   D:9 }

Annotations:
D:6 Menkaure


Innate Abilities, Weirdness & Mutations

You have hooves in place of feet.
Armour fits poorly on your strangely shaped body.
You cover ground very quickly.
You have extremely tough skin. (AC +3)


Message History

The spiny frog is heavily wounded.
You hear a screech!
You hear an angry hiss.
The spiny frog stings you!
* * * LOW HITPOINT WARNING * * *
Aiming: Thunderbolt
Press: ? - help, Shift-Dir - straight line, f/p - spiny frog
Aim: a spiny frog (moderately wounded)
The lightning hits the spiny frog.
The spiny frog is severely wounded.
The lightning hits the spiny frog.
You kill the spiny frog!
Vehumet accepts your kill.
You feel your power returning.
You hear a screech!
You hear a howl!
The spiny frog stings you!
* * * LOW HITPOINT WARNING * * *
A komodo dragon and a hippogriff come into view.
The komodo dragon hisses angrily.
The hippogriff bites you!
You die...

##.........
...........## ####......
............# ##..#P.
............# ######
........l...#
............# ##
............# ######.
...........# ###......
<.....<@..F#####........
........H...##..........
..........#.............
..........##............
..........##............
.........####...........
.......##. #...........
.....## # ##..........
.. ##.......♣.


You could see a komodo dragon, a hippogriff and a spiny frog.

Vanquished Creatures
  Gastronok (Lair:2)
  A centaur warrior (D:11)
  Maurice (D:11)
  5 spiny frogs
  A yaktaur (D:10)
  2 komodo dragons
  2 trolls
  2 two-headed ogres
  Prince Ribbit (D:5)
  3 blink frogs (Lair:2)
  4 hippogriffs
  2 basilisks
  32 yaks
  Eustachio (D:6)
  Grum (D:11)
  4 water moccasins
  2 porcupines
  A black bear (Lair:1)
  12 orc warriors
  A sky beast (D:10)
  4 ice beasts
  6 necrophages
  9 ogres
  3 centaurs
  4 phantoms
  9 wolves
  5 crocodiles
  Blork the orc (D:6)
  4 big kobolds
  19 bullfrogs
  3 gnoll sergeants (D:10)
  A wyvern skeleton (D:7)
  2 scorpions
  7 wights (D:8)
  2 howler monkeys
  2 crimson imps (D:6)
  2 centaur zombies
  2 bullfrog zombies
  A jelly (D:9)
  A quasit (D:9)
  A centaur skeleton (D:9)
  7 orc priests
  5 hounds
  14 orc wizards
  A gnoll shaman (D:9)
  Jessica (D:2)
  5 iguanas
  Natasha (thrice) (D:2)
  10 worker ants
  2 killer bee zombies (D:8)
  A hound skeleton (D:4)
  A mummy (D:8)
  4 worker ant zombies
  6 gnolls
  A river rat (D:6)
  14 adders
  An ooze (D:1)
  2 adder skeletons
  6 worms
  3 dart slugs
  6 leopard geckos
  55 orcs
  4 ball pythons
  7 giant cockroaches
  10 goblins
  14 hobgoblins
  17 jackals
  6 quokkas
  5 bats
  2 frilled lizards
  A giant cockroach zombie (D:5)
  A jackal skeleton (D:7)
  13 kobolds
  2 leopard gecko skeletons
  A leopard gecko zombie (D:5)
  16 rats
414 creatures vanquished.

Vanquished Creatures (others)
  7 fungi
  11 plants
  2 withered plants (D:8)
20 creatures vanquished.

Grand Total: 434 creatures vanquished

Notes
Turn   | Place    | Note
-------+----------+-------------------------------------------
     0 | D:1      | Chiseanne the Centaur Venom Mage began the quest for the Orb.
     0 | D:1      | Reached XP level 1. HP: 14/14 MP: 3/3
   503 | D:1      | Reached XP level 2. HP: 19/22 MP: 1/4
   860 | D:1      | Reached skill level 1 in Fighting
   877 | D:1      | HP: 1/23 [kobold/club (3)]
  1618 | D:1      | Reached XP level 3. HP: 28/28 MP: 4/6
  1886 | D:1      | Reached skill level 1 in Conjurations
  2314 | D:2      | Reached skill level 1 in Shields
  2320 | D:2      | Noticed Natasha
  2329 | D:2      | Reached XP level 4. HP: 29/35 MP: 1/7
  2333 | D:2      | Killed Natasha
  2656 | D:2      | Noticed Natasha
  2664 | D:2      | Killed Natasha
  2976 | D:2      | Reached XP level 5. HP: 40/40 MP: 0/8
  3126 | D:2      | Noticed Natasha
  3134 | D:2      | Killed Natasha
  3629 | D:2      | Noticed Jessica
  3639 | D:2      | Killed Jessica
  3984 | D:3      | Reached XP level 6. HP: 44/48 MP: 1/9
  4272 | D:3      | Learned a level 3 spell: Mephitic Cloud
  5312 | D:3      | Reached skill level 2 in Conjurations
  5865 | D:4      | Found a shadowy altar of Dithmenos.
  5930 | D:4      | Reached skill level 1 in Air Magic
  6616 | D:4      | Reached XP level 7. HP: 49/53 MP: 11/11
  7020 | D:5      | Entered Level 5 of the Dungeon
  7420 | D:5      | Noticed Prince Ribbit
  7430 | D:5      | Killed Prince Ribbit
  7430 | D:5      | Reached skill level 3 in Conjurations
  7783 | D:5      | HP: 2/53 [orc priest/divine providence (9)]
  8005 | D:5      | Found Adoupp's Magic Scroll Emporium.
  8010 | D:5      | Bought a scroll of noise for 12 gold pieces
  8010 | D:5      | Bought a scroll of identify for 24 gold pieces
  8010 | D:5      | Bought a scroll of fog for 24 gold pieces
  8010 | D:5      | Bought a scroll of identify for 24 gold pieces
  8010 | D:5      | Bought a scroll of teleportation for 36 gold pieces
  8029 | D:5      | Reached XP level 8. HP: 61/61 MP: 10/13
  8518 | D:5      | Learned a level 4 spell: Olgreb's Toxic Radiance
  9286 | D:6      | Noticed Blork the orc
  9288 | D:6      | Noticed Eustachio
  9298 | D:6      | Killed Blork the orc
  9298 | D:6      | Reached skill level 4 in Conjurations
  9313 | D:6      | Killed Eustachio
  9334 | D:6      | Reached skill level 5 in Poison Magic
  9912 | D:6      | Found a shimmering altar of Xom.
  9993 | D:6      | Found Luekieli's Gadget Boutique.
 10019 | D:6      | Noticed Menkaure
 10163 | D:6      | Reached XP level 9. HP: 53/67 MP: 5/15
 10840 | D:7      | Learned a level 5 spell: Venom Bolt
 10879 | D:7      | Found a staircase to the Ecumenical Temple.
 10897 | Temple   | Entered the Ecumenical Temple
 10963 | Temple   | Became a worshipper of Vehumet
 11053 | D:7      | Reached skill level 5 in Conjurations
 11371 | D:7      | Reached skill level 5 in Spellcasting
 11883 | D:8      | Found a shimmering altar of Xom.
 12363 | D:8      | Found Dulib's Book Boutique.
 12890 | D:8      | Reached skill level 6 in Conjurations
 13016 | D:8      | Reached * piety under Vehumet
 13016 | D:8      | Offered knowledge of Freeze by Vehumet.
 13270 | D:8      | Noticed a troll
 13731 | D:8      | Killed a troll
 13731 | D:8      | Reached XP level 10. HP: 73/73 MP: 4/19
 14805 | D:9      | Found Ommoh's Gadget Shoppe.
 15040 | D:9      | Reached skill level 7 in Conjurations
 15110 | D:9      | Offered knowledge of Sandblast by Vehumet.
 15217 | D:9      | Reached ** piety under Vehumet
 15726 | D:9      | Found a sacrificial altar of Ru.
 16919 | D:8      | Found a faded altar of an unknown god.
 16919 | D:8      | Found a deep blue altar of Sif Muna.
 16926 | D:8      | Found a faded altar of an unknown god.
 16928 | D:8      | Found a faded altar of an unknown god.
 16930 | D:8      | Found a sparkling altar of Nemelex Xobeh.
 17418 | D:10     | Entered Level 10 of the Dungeon
 17428 | D:10     | Offered knowledge of Throw Frost by Vehumet.
 17483 | D:10     | Found a staircase to the Lair.
 17920 | D:10     | Noticed a gargoyle
 18019 | D:11     | Noticed Maurice
 18033 | D:11     | Killed Maurice
 18139 | D:10     | Noticed a gargoyle
 18248 | D:11     | Reached *** piety under Vehumet
 18263 | D:11     | Noticed a centaur warrior
 18272 | D:11     | Noticed Grum
 18284 | D:11     | Found a sparkling altar of Nemelex Xobeh.
 18290 | D:11     | Killed a centaur warrior
 18290 | D:11     | Reached skill level 8 in Conjurations
 18290 | D:11     | Reached XP level 11. HP: 17/77 MP: 4/21
 18306 | D:11     | Killed Grum
 18458 | D:10     | Offered knowledge of Sticky Flame by Vehumet.
 19708 | D:10     | Reached **** piety under Vehumet
 19998 | D:10     | Offered knowledge of Iskenderun's Battlesphere by Vehumet.
 20014 | D:10     | Learned a level 5 spell: Iskenderun's Battlesphere
 20212 | D:9      | Reached skill level 1 in Charms
 20775 | D:10     | Found a staircase to the Orcish Mines.
 20869 | Lair:1   | Entered Level 1 of the Lair of Beasts
 20924 | Lair:1   | Reached skill level 9 in Conjurations
 21922 | Lair:1   | Noticed an eight-headed hydra
 22844 | Lair:1   | Reached XP level 12. HP: 55/85 MP: 24/24
 23295 | Lair:1   | Reached ***** piety under Vehumet
 23470 | Lair:2   | Noticed Gastronok
 23489 | Lair:2   | Killed Gastronok
 23489 | Lair:2   | Reached skill level 10 in Conjurations
 23865 | Lair:2   | Found a staircase to the Swamp.
 23886 | Lair:2   | Reached skill level 5 in Charms
 23892 | Lair:2   | Offered knowledge of Fulminant Prism by Vehumet.
 24911 | Lair:3   | Slain by a hippogriff

Skill      XL: |  1  2  3  4  5  6  7  8  9 10 11 12 |
---------------+-------------------------------------+-----
Fighting       | 1 |  1.9
Spellcasting   | 2 3 4 6 7 8 9 |  9.3
Conjurations   | 1 2 3 4 6 8 9 10 | 10.4
Shields        | 1 2 |  2.9
Dodging        | 2 |  2.0
Air Magic      | 1 2 4 |  4.4
Poison Magic   | 4 5 6 8 |  8.4
Charms         | 4 6 |  6.1
Stealth        | |  1.1

Action                   |  1- 3 |  4- 6 |  7- 9 | 10-12 || total
-------------------------+-------+-------+-------+-------++-------
Melee: Unarmed           |    25 |       |       |       ||    25
       Kick              |    20 |    23 |    95 |   139 ||   277
       Short sword       |    33 |       |       |       ||    33
       Dagger            |    63 |   178 |   355 |   318 ||   914
       Hand axe          |       |       |   153 |   145 ||   298
       Scimitar          |       |       |    23 |   109 ||   132
Throw: Tomahawk          |       |       |     9 |    26 ||    35
       Stone             |       |       |     2 |     2 ||     4
 Cast: Sting             |    45 |   114 |   107 |       ||   266
       Mephitic Cloud    |       |       |    24 |    56 ||    80
       Olgreb's Toxic Ra |       |       |     5 |    88 ||    93
       Venom Bolt        |       |       |       |    34 ||    34
       Iskenderun's Batt |       |       |       |     7 ||     7
Evoke: Wand              |       |       |     3 |     3 ||     6
       Rod               |       |       |       |    12 ||    12
  Use: Scroll            |     6 |       |    15 |    14 ||    35
       Potion            |       |       |     3 |     5 ||     8
 Stab: Confused          |       |       |     7 |     8 ||    15
  Eat: Chunk             |     5 |    14 |    17 |    41 ||    77
       Beef jerky        |       |       |     4 |     5 ||     9
       Bread ration      |       |       |       |     1 ||     1
       Royal jelly       |       |       |       |     1 ||     1
       Pizza             |       |       |       |     1 ||     1
Armor: Robe              |    31 |    49 |    15 |       ||    95
       Leather armour    |       |       |   199 |   287 ||   486
Dodge: Dodged            |    56 |    77 |   226 |   292 ||   651
Block: Buckler           |     5 |    51 |   140 |   179 ||   375
       Rpst.: Scimitar   |       |       |     3 |    12 ||    15
